 Dungeon Crawl Stone Soup version 0.22-a0-117-g314b90714a (webtiles) character file.

134 Ordine the Magician (level 4, -5/24 HPs)
             Began as a Deep Elf Wizard on Jan 29, 2018.
             Killed by nerve-wracking pain
             ... invoked by Grinder
              (9 damage)
             ... on level 3 of the Dungeon.
             The game lasted 00:06:41 (2696 turns).

Ordine the Magician (Deep Elf Wizard)               Turns: 2696, Time: 00:06:42

Health: -5/24      AC:  6    Str:  4    XL:     4   Next: 95%
Magic:  0/13       EV: 13    Int: 24    God:
Gold:   100        SH:  0    Dex: 13    Spells: 4/13 levels left

rFire    . . .     SeeInvis .   i - +2 dagger (holy)
rCold    . . .     Gourm    .   (no shield)
rNeg     . . .     Faith    .   a - +0 robe
rPois    .         Spirit   .   b - +1 hat
rElec    .         Reflect  .   k - +1 cloak
rCorr    .         Harm     .   h - +0 pair of gloves
MR       .....                  (no boots)
Stlth    ++........             (no amulet)
HPRegen  0.08/turn              (no ring)
MPRegen  0.13/turn              (no ring)

@: no status effects
A: no striking features
a: no special abilities


You were on level 3 of the Dungeon.
You were not hungry.

You visited 1 branch of the dungeon, and saw 4 of its levels.

You collected 100 gold pieces.

Inventory:

Hand Weapons
 i - a +2 dagger of holy wrath (weapon)
Armour
 a - a +0 robe (worn)
 b - a +1 hat (worn)
 h - a +0 pair of gloves (worn)
 k - a +1 cloak (worn)
Potions
 e - a potion of mutation
 f - a potion of haste
 j - a potion of agility
Books
 c - a book of Minor Magic

   Spells                             Type                      Level
   a - Magic Dart                     Conjuration                  1
   b - Blink                          Translocation                2
   c - Call Imp                       Summoning                    2
   d - Slow                           Hexes                        2
   e - Conjure Flame                  Conjuration/Fire             3
   f - Mephitic Cloud                 Conjuration/Poison/Air       3
Comestibles
 d - 6 rations
 g - a chunk of flesh


   Skills:
 - Level 3.0 Dodging
 - Level 3.0 Stealth
 + Level 5.1 Spellcasting
 * Level 3.3 Conjurations
   Level 1.1 Summonings
 + Level 1.9 Translocations
 + Level 1.2 Fire Magic
 + Level 1.0 Air Magic


You had 4 spell levels left.
You knew the following spells:

 Your Spells              Type           Power        Failure   Level  Hunger
a - Magic Dart            Conj           ###.         2%          1    None
b - Blink                 Tloc           N/A          6%          2    None
c - Conjure Flame         Conj/Fire      ###.....     10%         3    ##.....
d - Mephitic Cloud        Conj/Pois/Air  ##......     14%         3    ##.....


Dungeon Overview and Level Annotations

Branches:
Dungeon (4/15)
 Temple: D:4-7

Altars:
Trog

Annotations:
D:3 Grinder
D:4 TryExcept's ghost, novice HuFi


Message History

The magic dart hits Grinder.
Grinder is almost dead.
Grinder blinks!
Casting: Magic Dart (safe; 2% risk of failure)
Confirm with . or Enter, or press ? or * to list all spells.
Aiming: Magic Dart (safe; 2% risk of failure)
Press: ? - help, Shift-Dir - straight line, f/p - Grinder
Aim: Grinder (almost dead)
The magic dart hits Grinder.
Grinder is almost dead.
Casting: Magic Dart (safe; 2% risk of failure)
Confirm with . or Enter, or press ? or * to list all spells.
Aiming: Magic Dart (safe; 2% risk of failure)
Press: ? - help, Shift-Dir - straight line, f/p - Grinder
Aim: Grinder (almost dead)
The magic dart hits Grinder.
Grinder is almost dead.
Grinder gestures at you. Pain shoots through your body!
You die...

#.#.#.# #...# #...#.#
###.#[###
#.###.######...#...#
#............#####..
#.####.#####^..#...#
#.# ##.#######.#.###
#.# #............# #.
#.###..#######...# #.
#.5@............####
.######.########......
..#.........# #.##...
#.#.###.....#.........
#.#.###.....#######...
#.#.##......#.....)...
#......_......######..
###......##.### ##.
#.....###.# #.


You could see Grinder.

Vanquished Creatures
  Crazy Yiuf (D:2)
  4 adders (D:2)
  An adder zombie (D:2)
  2 dart slugs
  4 leopard geckos
  A bat zombie (D:2)
  3 giant cockroaches
  3 goblins
  7 hobgoblins
  8 jackals (D:1)
  4 quokkas
  A ball python (D:1)
  2 bats
  3 frilled lizards
  9 kobolds
  4 rats
57 creatures vanquished.

Notes
Turn   | Place    | Note
-------+----------+-------------------------------------------
     0 | D:1      | Ordine the Deep Elf Wizard began the quest for the Orb.
     0 | D:1      | Reached XP level 1. HP: 10/10 MP: 7/7
    50 | D:1      | Noticed a bullfrog
   313 | D:1      | Reached XP level 2. HP: 15/15 MP: 4/9
   359 | D:1      | Learned a level 2 spell: Blink
   916 | D:1      | Reached XP level 3. HP: 17/19 MP: 0/11
  1005 | D:1      | Learned a level 3 spell: Conjure Flame
  1009 | D:1      | Learned a level 3 spell: Mephitic Cloud
  1547 | D:2      | You fall through a shaft for 2 floors!
  1547 | D:4      | Noticed TryExcept's ghost (novice HuFi)
  1792 | D:2      | Found a runed door.
  1949 | D:2      | Reached XP level 4. HP: 21/24 MP: 5/12
  2241 | D:2      | Reached skill level 5 in Spellcasting
  2396 | D:2      | Noticed Crazy Yiuf
  2405 | D:2      | Killed Crazy Yiuf
  2405 | D:2      | Reached skill level 1 in Fire Magic
  2405 | D:2      | Reached skill level 1 in Air Magic
  2565 | D:3      | Found a bloodstained altar of Trog.
  2658 | D:3      | Noticed Grinder
  2664 | D:3      | Paralysed by Grinder for 4 turns
  2682 | D:3      | Paralysed by Grinder for 6 turns
  2696 | D:3      | Killed from afar by Grinder

Vault maps used:
D:1:      evilmike_arrival_come_back, minmay_statues_item
D:2:      first_ration, serial_undead, serial_undead_d, serial_undead_c,
          serial_undead_f, serial_undead_e, uniq_crazy_yiuf_cottage
D:3:      nicolae_overflow_crystal_walls, hangedman_abyss_or_decor_stabs,
          uniq_grinder
D:4:      grunt_temple_overflow_growth_and_decay

Skill      XL: |  1  2  3  4 |
---------------+-------------+-----
Conjurations   | 2 3 |  3.3
Stealth        | 3 |  3.0
Dodging        | 3 |  3.0
Spellcasting   | 5 |  5.1
Fire Magic     | 1 |  1.2
Air Magic      | 1 |  1.0
Summonings     | |  1.1
Translocations | |  1.9

Action                   |  1- 3 |  4- 6 || total
-------------------------+-------+-------++-------
Melee: Unarmed           |    13 |       ||    13
       Dagger            |       |     6 ||     6
 Cast: Magic Dart        |   111 |    45 ||   156
       Conjure Flame     |     1 |       ||     1
       Mephitic Cloud    |       |     1 ||     1
  Use: Scroll            |     4 |     3 ||     7
       Potion            |       |     3 ||     3
  Eat: Chunk             |     3 |     2 ||     5
Armor: Robe              |     9 |     2 ||    11
Dodge: Dodged            |    42 |     8 ||    50

Table legend:
 A = Spawn XP
 B = Non-spawn XP
 C = Spawn XP percentage of total XP
 D = Spawn monster count
 E = Non-spawn monster count
 F = Spawn count percentage of total count
 G = Total turns spent on level
                    A         B        C        D         E        F      G
               +---------+---------+-------+---------+---------+-------+---------
         Total |       0 |     192 |   0.0 |       0 |      57 |   0.0 |  2696
               +---------+---------+-------+---------+---------+-------+---------
           D:1 |       0 |      42 |   0.0 |       0 |      23 |   0.0 |  1350
           D:2 |       0 |     134 |   0.0 |       0 |      26 |   0.0 |  1062
           D:3 |       0 |      16 |   0.0 |       0 |       8 |   0.0 |   279
               +---------+---------+-------+---------+---------+-------+---------
